 Dungeon Crawl Stone Soup version 0.29-a0-1023-g6ae1a4a2c7 (webtiles) character file.

Game seed: 13658637163355310388

33075 nicolae the Bludgeoner (level 13, -12/99 HPs)
             Began as a Palentonga Fighter on Aug 11, 2022.
             Was a Priest of Okawaru.
             Mangled by a two-headed ogre
             ... wielding a +0 giant club
              (16 damage)
             ... on level 12 of the Dungeon.
             The game lasted 00:15:31 (8309 turns).

nicolae the Bludgeoner (Palentonga Fighter)         Turns: 8309, Time: 00:15:32

Health: -12/99     AC: 23    Str: 26    XL:     13   Next: 34%
Magic:  13/13      EV:  3    Int: 15    God:    Okawaru [***...]
Gold:   805        SH:  5    Dex: 10    Spells: 12/12 levels left

rFire   . . .      SeeInvis +   a - +3 war axe
rCold   . . .      Faith    .   c - +0 buckler
rNeg    . . .      Spirit   .   t - +0 plate armour
rPois   .          Reflect  .   (no helmet)
rElec   .          Harm     .   A - +2 cloak
rCorr   .          Rampage  .   (no gloves)
Will    .....                   u - +0 barding
Stlth   ..........              (no amulet)
HPRegen 0.26/turn               i - ring of flight
MPRegen 0.13/turn               r - +6 ring of intelligence

@: flying, curled up
A: large, rugged brown scales 3, see invisible, deformed body, roll 1, armoured
tail, reflexive curl
a: Rolling Charge, Renounce Religion, Heroism


You were on level 12 of the Dungeon.
You worshipped Okawaru.
Okawaru was most pleased with you.
You visited 1 branch of the dungeon, and saw 10 of its levels.

You collected 805 gold pieces.

Inventory:

Hand Weapons
 a - a +3 war axe (weapon)
 b - the +8 mace of the Evil Eye {vorpal, rC++ rCorr Int-3 Dex+8}
   (You found it on level 3 of the Dungeon)

   It inflicts extra damage upon your enemies.
   Int:       It affects your intelligence (-3).
   Dex:       It affects your dexterity (+8).
   rC:        It greatly protects you from cold.
   rCorr:     It protects you from acid and corrosion.
 v - a +3 morningstar
 y - a +5 battleaxe
Missiles
 d - 3 atropa-tipped darts
 q - 22 poisoned darts
Armour
 c - a +0 buckler (worn)
 t - a +0 plate armour (worn)
 u - a +0 barding (worn)
 A - a +2 cloak (worn)
Jewellery
 i - a ring of flight (left hand)
 l - a ring of ice
 r - a +6 ring of intelligence (right hand)
 B - an amulet of faith
Wands
 n - a wand of roots (5)
 x - a wand of flame (19)
 E - a wand of polymorph (2)
Scrolls
 h - a scroll of magic mapping
 j - a scroll of poison
 k - a scroll of vulnerability {unknown}
 m - a scroll of fear {unknown}
 o - a scroll of teleportation
 C - a scroll of butterflies {unknown}
 D - a scroll of amnesia
Potions
 f - 3 potions of attraction
 g - 5 potions of curing
 p - a potion of brilliance
 s - 3 potions of flight
 w - a potion of degeneration {unknown}


   Skills:
 + Level 5.8 Fighting
 - Level 4.8(11.3) Axes
 - Level 15.7(16.0) Maces & Flails
 - Level 7.7 Throwing
 + Level 2.8 Armour
 + Level 1.1 Dodging
 - Level 7.0 Shields
 - Level 5.0 Evocations


You had 12 spell levels left.
You didn't know any spells.
Your spell library contained the following spells:

 Spells                   Type           Power      Damage    Failure   Level
 Apportation              Tloc           0%         N/A       99%         1
 Magic Dart               Conj           0%         1d3       99%         1
 Necrotise                Necr           0%         1d4       99%         1
 Blink                    Tloc           0%         N/A       100%        2
 Searing Ray              Conj           0%         2d4       100%        2
 Fulminant Prism          Conj/Hex       0%         3d6       100%        4
 Manifold Assault         Tloc           0%         N/A       100%        5
 Storm Form               Tmut/Air       0%         N/A       100%        7
 Maxwell's Capacitive Co  Air            0%         ∞         100%        8
 Summon Small Mammal      Summ           Unusable   N/A       N/A         1
 Summon Lightning Spire   Summ/Air       Unusable   N/A       N/A         4

Dungeon Overview and Level Annotations

Branches:
Dungeon (9/15)             Temple (0/1) D:7
   Lair: D:8-11         Orc: D:9-12

Altars:
Cheibriados
Dithmenos
Elyvilon
Gozag
Kikubaaqudgha
Nemelex Xobeh
Okawaru
Qazlal
Uskayaw
Vehumet
Yredelemnul

Shops:
D:1 (


Innate Abilities, Weirdness & Mutations

You are completely covered in rugged brown scales. (AC +3, +7% HP)
You have supernaturally acute eyesight. (SInv)
Armour fits poorly on your strangely shaped body.
You can roll at nearby foes to attack.
You have a long armoured tail.
You curl defensively after being hit. (AC +7*)


Message History

The orc warrior hits you with a +0 war axe!
* * * LOW HITPOINT WARNING * * *
You feel much better.
The orc warrior hits you with a +0 war axe.
The two-headed ogre hits you but does no damage.
The two-headed ogre hits you with a +0 giant spiked club!
* * * LOW HITPOINT WARNING * * *
You slash the two-headed ogre!
The two-headed ogre is moderately wounded.
You hit the orc warrior.
The orc warrior hits you but does no damage.
You slash the two-headed ogre! You tail-slap the two-headed ogre.
The two-headed ogre is heavily wounded.
You hit the orc warrior.
The two-headed ogre hits you with a +0 giant club!
* * * LOW HITPOINT WARNING * * *
The two-headed ogre hits you but does no damage.
The orc warrior hits you with a +0 war axe!
* * * LOW HITPOINT WARNING * * *
You feel better.
The two-headed ogre hits you with a +0 giant club.
* * * LOW HITPOINT WARNING * * *
You block the two-headed ogre's attack.
The orc warrior hits you with a +0 war axe!
* * * LOW HITPOINT WARNING * * *
Okay, then.
The air fills with toxic fumes!
As you read the scroll labelled XYDECI SALUMIGO, it crumbles to dust.
It was a scroll of poison.
The orc warrior hits you with a +0 war axe.
* * * LOW HITPOINT WARNING * * *
Really fly into that cloud of poison gas?
Okay, then.
As you read the scroll labelled WEARIT MONLUU, it crumbles to dust.
Your body is wracked with pain!
* * * LOW HITPOINT WARNING * * *
The two-headed ogre convulses!
The orc warrior convulses!
It was a scroll of torment.
The two-headed ogre hits you with a +0 giant club!
You die...

.#...>......#,,,,*,,,,,*,,,,,,*,,
.######.....#,,,,*§§§§§#*+*****,,
..# #..§..#,,,,*§§§§§§,,,,,,,,,
..# #..§§.+,^,,*§§§§§§,>,,,,,,,
### #..§§§######§§§§§§,,,,,,,**
,,* #..§§§§§§§§§§§§§§§,,,,,,,*,
,,* #..§§§§§§§§§§§§§§§,,,,,,,*,
,,* #..§§§§§§§Oo§§§§§§,,,,,,,*,
,,* #..§§§§§§§@§###+*,,,,,,,,*,
,,* #..§§§§§§§§§#,,,*,,,,,,,,*,
,,* #############,,,**********,
,,* *,,,,,,,,,,,,,,,,,,+,, ,,*
*,,,,,,,,,,,,,,,,,,*,, ,,*
*,,,,,,,,,,,,,,,,,,*,, ,,*
********************** ***


You could see a two-headed ogre and an orc warrior.

Vanquished Creatures
  A two-headed ogre (D:8)
  An ugly thing (D:7)
  A cyclops (D:7)
  Maurice (D:9)
  An unseen horror (D:12)
  A troll (D:12)
  Sigmund (D:5)
  A wyvern (D:9)
  9 yaks
  2 steam dragons
  Menkaure (D:6)
  An acid dragon (D:12)
  A water moccasin (D:5)
  2 ice beasts
  2 sky beasts (D:7)
  2 black bears
  An orc warrior (D:9)
  3 ogres
  2 centaurs (D:6)
  4 phantoms
  A bullfrog (D:7)
  5 scorpions
  4 necrophages
  9 wights (D:9)
  9 killer bees (D:8)
  A howler monkey (D:4)
  2 hounds
  2 jellies
  Crazy Yiuf (D:5)
  An orc priest (D:8)
  An orc wizard (D:5)
  4 iguanas
  13 adders
  2 shadow imps
  An ufetubus (D:7)
  3 worms
  2 dart slugs (D:1)
  17 orcs
  6 ball pythons
  6 endoplasms
  2 giant cockroaches (D:1)
  7 goblins
  6 hobgoblins
  2 jackals (D:3)
  5 kobolds
  5 quokkas
  6 bats
  A frilled lizard (D:1)
  5 rats
167 creatures vanquished.

Vanquished Creatures (others)
  A phantom (D:4)
  2 fungi (D:8)
  4 toadstools (D:8)
7 creatures vanquished.

Grand Total: 174 creatures vanquished

Notes
Turn   | Place    | Note
-------+----------+-------------------------------------------
     0 | D:1      | nicolae the Palentonga Fighter began the quest for the Orb.
     0 | D:1      | Reached XP level 1. HP: 19/19 MP: 1/1
    75 | D:1      | Found a faded altar of an unknown god.
   147 | D:1      | Reached XP level 2. HP: 19/25 MP: 2/2
   434 | D:1      | Found Hustraz's Antique Weapon Shop.
   792 | D:2      | Reached XP level 3. HP: 16/31 MP: 3/3
  1664 | D:3      | Reached XP level 4. HP: 34/37 MP: 4/4
  1738 | D:3      | Found a basalt altar of Yredelemnul.
  1738 | D:3      | Found a snail-covered altar of Cheibriados.
  1847 | D:3      | Identified the +8 mace of the Evil Eye {vorpal, rC++ rCorr
                  | Int-3 Dex+8}
  1994 | D:3      | Found an ancient bone altar of Kikubaaqudgha.
  1994 | D:3      | Found a stormy altar of Qazlal.
  2134 | D:4      | Noticed a black bear
  2140 | D:4      | Killed a black bear
  2141 | D:4      | Reached skill level 3 in Maces & Flails
  2141 | D:4      | Reached XP level 5. HP: 38/43 MP: 5/5
  2209 | D:4      | Reached skill level 4 in Maces & Flails
  2209 | D:4      | Reached XP level 6. HP: 44/50 MP: 6/6
  2269 | D:4      | Found a sparkling altar of Nemelex Xobeh.
  2332 | D:4      | Found a shadowy altar of Dithmenos.
  2553 | D:4      | Reached skill level 5 in Maces & Flails
  2638 | D:4      | Noticed a steam dragon
  2656 | D:4      | Killed a steam dragon
  2657 | D:4      | Reached skill level 6 in Maces & Flails
  2657 | D:4      | Gained mutation: You curl defensively after being hit. (AC
                  | +7*) [Palentonga growth]
  2657 | D:4      | Reached XP level 7. HP: 14/55 MP: 7/7
  3022 | D:4      | Found a hide-covered altar of Uskayaw.
  3085 | D:5      | Entered Level 5 of the Dungeon
  3129 | D:5      | Reached skill level 7 in Maces & Flails
  3271 | D:5      | Noticed Sigmund
  3284 | D:5      | Killed Sigmund
  3285 | D:5      | Reached skill level 8 in Maces & Flails
  3285 | D:5      | Reached XP level 8. HP: 57/62 MP: 8/8
  3288 | D:5      | Found a white marble altar of Elyvilon.
  3470 | D:5      | Found a runed translucent door.
  3471 | D:5      | Noticed Crazy Yiuf
  3521 | D:5      | Reached skill level 9 in Maces & Flails
  3582 | D:5      | Killed Crazy Yiuf
  3892 | D:5      | Found an opulent altar of Gozag.
  4186 | D:6      | Reached skill level 10 in Maces & Flails
  4414 | D:6      | Noticed Menkaure
  4421 | D:6      | Killed Menkaure
  4422 | D:6      | Reached XP level 9. HP: 27/67 MP: 9/9
  4843 | D:6      | Reached skill level 5 in Shields
  5070 | D:6      | Found an iron altar of Okawaru.
  5244 | D:6      | Became a worshipper of Warmaster Okawaru
  5385 | D:7      | Found a radiant altar of Vehumet.
  5435 | D:7      | Found a staircase to the Ecumenical Temple.
  5536 | D:7      | Noticed a purple ugly thing
  5537 | D:7      | Noticed a cyclops
  5540 | D:7      | Killed a purple ugly thing
  5540 | D:7      | Reached * piety under Okawaru
  5547 | D:7      | Killed a cyclops
  5548 | D:7      | Reached skill level 11 in Maces & Flails
  6006 | D:8      | Noticed a two-headed ogre
  6014 | D:8      | Killed a two-headed ogre
  6015 | D:8      | Reached skill level 12 in Maces & Flails
  6015 | D:8      | Reached XP level 10. HP: 20/74 MP: 10/10
  6024 | D:8      | Reached ** piety under Okawaru
  6768 | D:8      | Reached skill level 15 in Maces & Flails
  6768 | D:8      | Reached XP level 11. HP: 80/80 MP: 11/11
  6769 | D:8      | Reached XP level 12. HP: 86/86 MP: 12/12
  6770 | D:8      | Reached skill level 5 in Fighting
  6770 | D:8      | Reached XP level 13. HP: 98/98 MP: 13/13
  7727 | D:9      | Reached skill level 5 in Evocations
  8015 | D:9      | Noticed Maurice
  8028 | D:9      | Killed Maurice
  8028 | D:9      | Reached *** piety under Okawaru
  8159 | D:9      | You are sucked into a shaft and drop 3 floors!
  8285 | D:12     | Reached skill level 1 in Dodging
  8309 | D:12     | HP: 4/99 [/a scroll of torment (1)]
  8309 | D:12     | Mangled by a two-headed ogre

Illustrated notes

Levels and vault maps discovered:
D:1:      dpeg_arrival_water_temple_mockup, layout_basic,
          ebering_ecumenical_altar_abandoned, serial_shops, nicolae_shop_trees,
          serial_rivers, chequers_serial_rivers_micro_c,
          chequers_serial_rivers_micro_b, chequers_serial_rivers_small_3,
          chequers_serial_rivers_small_3, st_stairs_10
D:2:      layout_basic, guppyfry_early_orc_mine
D:3:      layout_rooms, gammafunk_temple_overflow_pools,
          nicolae_overflow_hidden_temple
D:4:      layout_cave_pools, mainiacjoe_overflow_chevrons, pf_just_have_faith,
          mainiacjoe_overflow_catwalk, minmay_divided_ellipse
D:5:      layout_basic, elyvilon_altar_5, nicolae_gozag_seed_capital,
          uniq_crazy_yiuf_cottage, uniq_sigmund
D:6:      layout_basic, okawaru_ov_weapons_minmay, uniq_menkaure
D:7:      layout_rooms, mainiacjoe_overflow_surrounded_room,
          minmay_temple_entry_statues, hex_intersection, chequers_mini_garden,
          columned_hall_lemuel, dreamdust_wishing_well, minmay_small_thing
D:8:      layout_basic, minmay_gold_behind_fungi
D:9:      minmay_the_grid_3x3 [minmay_the_grid_zigzag_pyramid,
          minmay_the_grid_outer_circle, minmay_the_grid_box_x,
          minmay_the_grid_dragon_b, minmay_the_grid_broken_lines,
          minmay_the_grid_minigrid_small, minmay_the_grid_diamond_grid,
          minmay_the_grid_fan, minmay_the_grid_prize_diamond_cup],
          layout_gridville, uniq_maurice
D:12:     layout_gridville, uniq_rupert

Skill      XL: |  1  2  3  4  5  6  7  8  9 10 11 12 13 |
---------------+----------------------------------------+-----
Axes           | 3 4 |  4.8
Maces & Flails | 3 4 6 8 10 12 15 | 15.7
Shields        | 4 7 |  7.0
Throwing       | 6 7 |  7.7
Fighting       | 5 |  5.8
Evocations     | 4 5 |  5.0
Dodging        | 1 |  1.1
Armour         | |  2.8

Action                   |  1- 3 |  4- 6 |  7- 9 | 10-12 | 13-15 || total
-------------------------+-------+-------+-------+-------+-------++-------
Melee: War axe           |    97 |    15 |       |       |     8 ||   120
       Tailslap          |     6 |    10 |    20 |     1 |    17 ||    54
       Mace              |       |    56 |   133 |    14 |   123 ||   326
 Abil: Rolling Charge    |    17 |    15 |    27 |     1 |     9 ||    69
  Use: Scroll            |     1 |     1 |     8 |     2 |     5 ||    17
       Potion            |       |     1 |     5 |     8 |     2 ||    16
Armor: Scale mail        |    48 |     4 |       |       |       ||    52
       Plate armour      |       |    41 |    50 |    21 |    49 ||   161
Dodge: Dodged            |    28 |    22 |    20 |     5 |    11 ||    86
Block: Buckler           |    12 |    21 |    22 |     9 |    20 ||    84

Table legend: (Time is in decaauts)
 A = Elapsed time spent in this place.
 B = Non-inter-level travel time spent in this place.
 C = Inter-level travel time spent in this place.
 D = Time resting spent in this place.
 E = Time spent auto-exploring this place.
 F = Levels seen in this place.
 G = Mean time per level.
                   A        B        C        D        E       F      G
               +--------+--------+--------+--------+--------+-----+--------+
         Total |   8294 |   7985 |    309 |    959 |   5897 |  10 |  829.4 |
       Dungeon |   8294 |   7985 |    309 |    959 |   5897 |  10 |  829.4 |
               +--------+--------+--------+--------+--------+-----+--------+

Top non-repeatable levels by time:
     D:6: 1301 daAuts
     D:8: 1205 daAuts
     D:4: 1012 daAuts
     D:2: 923 daAuts
     D:9: 907 daAuts
     D:5: 890 daAuts
     D:1: 721 daAuts
     D:7: 713 daAuts
     D:3: 475 daAuts
    D:12: 145 daAuts
